Map: Ancient Cistern LE

Players

AlbyDobice - Winner!

  • Race: Protoss Protoss
  • League: Platinum
  • Spawn Location: 7:00

DragonKing

  • Race: Terran Terran
  • League: Gold
  • Spawn Location: 1:00

VOD

Have the link to the VOD?

Description

Time

  • Played on: March 15, 2023, 4 p.m.
  • Length: 14:56
Show
View Real Time Build Order
Export as new Build Order

AlbyDobice Protoss - Winner!

Build Orders:  

Get SALT Encoding   

  12  0:01  Probe  
  13  0:13  Probe  
  14  0:18  Pylon  
  14  0:25  Probe  
  15  0:36  Gateway  
  15  0:38  Probe  
  16  0:46  Assimilator  
  16  0:50  Probe  
  17  1:07  Probe  
  18  1:16  Gateway  
  18  1:27  Cybernetics Core  
  18  1:41  Probe  
  18  1:45  Pylon  
  19  1:53  Probe  
  20  2:00  Warp Gate (Chrono Boost)  
  20  2:06  Assimilator  
  20  2:13  Stalker x2 (Chrono Boost)  
  22  2:19  Probe  
  25  2:23  Shield Battery  
  25  2:31  Probe  
  26  2:43  Probe  
  27  2:55  Nexus  
  27  3:00  Probe  
  28  3:12  Probe  
  29  3:24  Probe  
  30  3:29  Pylon  
  30  3:36  Probe  
  31  3:48  Probe (Chrono Boost)  
  32  3:53  Stalker  
  32  3:54  Stalker  
  36  3:59  Probe (Chrono Boost)  
  37  4:03  Probe (Chrono Boost)  
  37  4:05  Robotics Facility  
  37  4:08  Probe  
  39  4:10  Pylon  
  39  4:14  Probe  
  40  4:20  Probe, Sentry x2  
  45  4:29  Probe  
  46  4:32  Probe  
  46  4:36  Phoenix  
  47  4:39  Forge  
  47  4:41  Probe  
  47  4:42  Twilight Council  
  47  4:44  Gateway  
  48  4:46  Gateway  
  48  4:47  Probe  
  48  4:52  Observer (Chrono Boost)  
  50  4:54  Stalker  
  50  4:58  Stalker  
  54  5:10  Probe x2  
  54  5:13  Pylon  
  56  5:16  Assimilator  
  56  5:17  Assimilator  
  56  5:22  Probe x2  
  58  5:34  Probe x2  
  60  5:37  Stalker  
  60  5:38  Stalker  
  64  5:42  Blink  
  64  5:53  Protoss Ground Weapons Level 1 (Chrono Boost), Robotics Bay  
  64  6:04  Stalker x2  
  64  6:06  Zealot  
  70  6:20  Pylon  
  70  6:21  Pylon  
  70  6:24  Pylon  
  70  6:27  Gateway  
  70  6:32  Forge  
  70  6:33  Gateway  
  70  6:38  Immortal  
  72  6:49  Stalker x4  
  80  7:00  Probe  
  81  7:01  Probe  
  81  7:06  Nexus  
  78  7:27  Pylon  
  78  7:28  Probe x2  
  78  7:29  Pylon  
  80  7:30  Protoss Shields Level 1 (Chrono Boost)  
  80  7:40  Probe x2  
  82  7:49  Protoss Ground Weapons Level 2 (Chrono Boost)  
  82  7:50  Charge  
  82  7:51  Zealot  
  82  7:52  Zealot x4, Probe  
  82  7:53  Probe  
  94  8:02  Extended Thermal Lance (Chrono Boost)  
  94  8:04  Probe  
  94  8:05  Probe  
  96  8:08  Colossus  
  102  8:17  Probe  
  103  8:26  Robotics Facility  
  103  8:28  Pylon  
  103  8:32  Zealot x4  
  103  8:33  Pylon  
  111  8:42  Zealot x2  
  111  8:45  Probe x3  
  118  9:02  Stalker  
  118  9:03  Stalker x2  
  118  9:04  Assimilator  
  118  9:08  Shield Battery, Assimilator  
  124  9:10  Shield Battery  
  124  9:22  Stalker x3  
  118  9:40  Stalker x3  
  114  9:50  Stalker  
  114  9:51  Stalker x2  
  114  10:06  Stalker  
  98  10:07  Stalker x2  
  98  10:09  Phoenix  
  98  10:12  Colossus (Chrono Boost)  
  98  10:13  Immortal (Chrono Boost)  
  100  10:18  Stalker x3  
  116  10:25  Protoss Ground Weapons Level 3 (Chrono Boost), Protoss Ground Armor Level 1 (Chrono Boost)  
  116  10:30  Zealot  
  116  10:31  Zealot x2  
  122  10:41  Stalker  
  122  10:42  Stalker x2  
  128  11:15  Stalker x6  
  120  11:53  Stalker  
  120  11:54  Stalker x5  
  124  11:57  Immortal, Colossus  
  124  12:00  Nexus  
  124  12:01  Pylon  
  140  12:03  Pylon  
  140  12:05  Gateway  
  140  12:07  Gateway  
  98  12:33  Stalker  
  98  12:34  Stalker x5  
  98  12:38  Colossus  
  104  12:59  Stalker x3  
  104  13:00  Stalker x3  
  116  13:32  Zealot x8  
  132  13:35  Assimilator x2  
  132  13:47  Colossus (Chrono Boost)  
  132  13:48  Immortal (Chrono Boost)  
  142  13:55  Zealot  
  142  13:56  Zealot x5  
  154  14:12  Zealot x2  
  120  14:33  Stalker x7  
  120  14:34  Stalker  
Show
View Real Time Build Order
Export as new Build Order

DragonKing Terran 

Build Orders:  

Get SALT Encoding   

  12  0:00  SCV  
  13  0:12  SCV  
  14  0:19  Supply Depot  
  14  0:24  SCV  
  15  0:33  Supply Depot  
  15  0:40  SCV  
  16  0:47  Barracks  
  16  0:52  SCV  
  17  1:03  Refinery  
  17  1:05  SCV  
  18  1:17  Barracks  
  18  1:23  SCV  
  19  1:35  SCV  
  20  1:48  Orbital Command  
  20  1:51  Engineering Bay  
  20  2:06  Marine  
  20  2:08  Barracks Reactor  
  21  2:17  SCV  
  21  2:20  Supply Depot  
  22  2:24  Marine  
  23  2:35  Command Center  
  23  2:42  Marine  
  24  2:45  SCV  
  24  2:50  Marine x2  
  27  2:57  Factory  
  27  2:59  Marine  
  28  3:08  Marine x2  
  28  3:09  SCV  
  31  3:17  Marine  
  32  3:20  Bunker  
  32  3:21  SCV  
  32  3:24  Engineering Bay  
  32  3:25  Marine x2  
  35  3:28  Refinery  
  35  3:33  SCV  
  36  3:35  Marine  
  37  3:43  Marine, Barracks  
  37  3:45  SCV  
  37  3:47  Widow Mine  
  42  3:59  Orbital Command  
  41  4:04  SCV  
  41  4:06  Barracks Tech Lab  
  42  4:10  Starport  
  42  4:16  SCV  
  43  4:17  Supply Depot  
  43  4:18  Terran Infantry Weapons Level 1  
  43  4:19  Marine x2  
  45  4:26  SCV  
  45  4:30  Stimpack  
  46  4:32  Barracks Tech Lab  
  46  4:37  Marauder  
  46  4:38  SCV  
  49  4:44  Factory Tech Lab  
  49  4:47  Marine x2  
  49  4:50  SCV  
  52  4:53  Starport Reactor  
  52  5:02  SCV  
  52  5:05  Refinery  
  53  5:13  Starport  
  53  5:14  SCV  
  53  5:19  Refinery  
  54  5:24  Marauder, Marine x2  
  54  5:26  SCV, Concussive Shells  
  59  5:38  SCV  
  60  5:44  Marauder  
  62  5:51  Command Center  
  62  5:58  Supply Depot  
  62  6:00  Starport Tech Lab  
  62  6:14  Combat Shield  
  62  6:19  Marine x3  
  62  6:20  SCV, Marauder, Medivac, Supply Depot  
  70  6:32  Medivac  
  70  6:37  Marine  
  70  6:42  Marine, Marauder  
  70  6:43  Supply Depot  
  73  6:48  Siege Tank  
  76  6:54  SCV  
  77  7:03  Marauder, Marine  
  77  7:04  Marauder, Marine  
  77  7:06  SCV  
  84  7:09  Supply Depot  
  84  7:10  Terran Infantry Armor Level 1  
  83  7:18  SCV  
  83  7:20  Siege Tank  
  83  7:21  Marine x2  
  85  7:23  Orbital Command  
  85  7:24  Marauder, Marine  
  88  7:30  SCV  
  88  7:33  Factory  
  89  7:39  Marine  
  89  7:42  SCV  
  91  7:45  Marine, Marauder  
  91  7:46  Marauder  
  96  7:52  Siege Tank  
  96  7:55  SCV  
  96  7:57  Marine  
  101  8:03  Marine  
  102  8:07  SCV, Marauder x2  
  107  8:15  Marine  
  107  8:19  SCV  
  109  8:20  Supply Depot  
  109  8:22  Armory  
  109  8:41  SCV, Medivac x2  
  109  8:42  Marauder, Supply Depot  
  109  8:46  SCV  
  117  8:52  Factory Tech Lab  
  117  8:58  Supply Depot  
  117  9:03  SCV, Siege Tank  
  117  9:04  SCV, Supply Depot  
  117  9:08  Marauder, Bunker  
  117  9:09  Marine  
  125  9:19  SCV  
  125  9:20  Marauder, Supply Depot  
  128  9:29  Marauder  
  130  9:31  SCV  
  130  9:36  Siege Tank  
  130  9:41  Marauder  
  130  9:42  Supply Depot  
  130  9:44  SCV  
  131  9:50  Marauder  
  123  9:53  Marine x2  
  123  9:56  Viking x2  
  129  10:02  Marauder  
  128  10:11  Marine x2  
  128  10:12  Marauder  
  129  10:24  Marauder  
  129  10:26  Viking x2  
  135  10:28  Marine  
  135  10:29  Marine  
  135  10:32  Terran Infantry Armor Level 2  
  135  10:33  Marauder  
  135  10:35  Terran Vehicle Weapons Level 1  
  139  10:39  Supply Depot  
  139  10:40  SCV  
  140  10:45  Marauder  
  140  10:46  Marine  
  140  10:47  Marine  
  144  10:52  SCV  
  144  10:54  Marauder  
  144  10:56  Viking  
  149  11:02  Supply Depot  
  149  11:04  SCV  
  149  11:07  Marauder  
  129  11:16  Marauder, SCV  
  127  11:24  Missile Turret  
  127  11:28  SCV  
  94  11:59  Marine x4  
  86  12:01  Thor  
  86  12:08  Thor  
  97  12:17  Marine x4  
  77  12:34  Marine  
  77  12:35  Marine x3  
  76  12:44  Thor, Medivac  
  76  12:45  Medivac  
  76  12:51  Thor  
  92  12:52  Marine  
  92  12:53  Marine x3  
  96  13:00  Command Center  
  96  13:10  Marine  
  96  13:11  Marine x3  
  100  13:20  Factory  
  100  13:27  Thor  
  100  13:28  Marine x2  
  100  13:29  Marauder x2  
  112  13:44  Viking x2, Barracks  
  112  13:46  Marine x2  
  118  13:50  Marauder x2  
  122  14:04  Marine x2  
  124  14:12  Marauder x2  
  124  14:14  Viking x2  
  123  14:21  Marine  
  123  14:22  Marine  
  74  14:33  Marauder x2  
  78  14:39  Barracks Tech Lab  
Tags
 
Add a new tag
Caveats
  • Supply blocks, unpowered buildings, or Contaminate may cause inaccurate times.
  • Supply counts are checked every 10 seconds.